 Dungeon Crawl Stone Soup version 0.19.5 (webtiles) character file.

522 snowfan the Conjurer (level 7, -1/36 HPs)
             Began as a Deep Elf Wizard on May 11, 2017.
             Was an Initiate of Sif Muna.
             Slain by a quokka (4 damage)
             ... on level 4 of the Dungeon on May 12, 2017.
             The game lasted 00:19:54 (3690 turns).

snowfan the Conjurer (Deep Elf Wizard)              Turns: 3690, Time: 00:19:55

Health: -1/36      AC:  5    Str:  2 (4)  XL:     7   Next: 2%
Magic:  8/15       EV: 20    Int: 29 (32) God:    Sif Muna [......]
Gold:   149        SH:  0    Dex: 16 (18) Spells: 5 memorised, 3 levels left

rFire  + . .     SeeInvis .     e - -2 dagger (curse)
rCold  . . .     Gourm    .     a - +0 robe
rNeg   . . .     Faith    .     (no shield)
rPois  .         Spirit   .     b - +0 hat
rElec  .         Reflect  +     (no cloak)
rCorr  .         Harm     .     C - +0 pair of gloves (curse)
MR     .....                    (no boots)
Stlth  ++........               H - +4 amulet of reflection
                                (no ring)
                                t - +2 ring of intelligence

@: confused, brilliant, agile, flying, very slightly contaminated
A: iridescent scales 1, fire resistance 1
a: Renounce Religion


You were on level 4 of the Dungeon.
You worshipped Sif Muna.
Sif Muna was noncommittal.
You were very hungry.

You visited 1 branch of the dungeon, and saw 5 of its levels.

You collected 149 gold pieces.

Inventory:

Hand Weapons
 e - a cursed -2 dagger (weapon)
 g - a +1 vampiric dagger
 r - a cursed -2 dagger
Armour
 a - a +0 robe (worn)
 b - a +0 hat (worn)
 z - a +0 pair of gloves
 C - a cursed +0 pair of gloves (worn)
Jewellery
 l - a +2 ring of evasion {unknown}
 t - a +2 ring of intelligence (left hand)
 H - a +4 amulet of reflection (around neck)
Wands
 n - a wand of slowing (32/48)
Scrolls
 h - a scroll of fear {unknown}
 i - a scroll of teleportation {unknown}
 j - 2 scrolls of enchant armour
 m - a scroll of identify
 w - a scroll of recharging {unknown}
 y - a scroll of noise {unknown}
 A - 2 scrolls of remove curse {unknown}
 B - a scroll of amnesia {unknown}
Potions
 k - a potion of curing
 p - a potion of flight
 q - a potion of degeneration
 u - a potion of agility
 v - a potion of brilliance
 D - a potion of magic {unknown}
 G - a potion of cancellation {unknown}
Books
 c - a book of Minor Magic

   Spells                             Type                      Level
   a - Magic Dart                     Conjuration                  1
   b - Blink                          Translocation                2
   c - Call Imp                       Summoning                    2
   d - Repel Missiles                 Charms/Air                   2
   e - Slow                           Hexes                        2
   f - Conjure Flame                  Conjuration/Fire             3
   g - Mephitic Cloud                 Conjuration/Poison/Air       3
 F - a book of Cantrips

   Spells                             Type                      Level
   a - Confusing Touch                Hexes                        1
   b - Animate Skeleton               Necromancy                   1
   c - Summon Small Mammal            Summoning                    1
   d - Apportation                    Translocation                1
Comestibles
 d - a bread ration
 f - a meat ration
 x - a beef jerky
 E - a slice of pizza


   Skills:
 + Level 5.3 Dodging
 - Level 2.4 Stealth
 - Level 4.4 Spellcasting
 * Level 6.8 Conjurations
   Level 1.1 Summonings
 - Level 1.1 Translocations


You had 3 spell levels left.
You knew the following spells:

 Your Spells              Type           Power        Failure   Level  Hunger
a - Magic Dart            Conj           ####         1%          1    None
c - Mephitic Cloud        Conj/Pois/Air  #####...     1%          3    ##.....
d - Conjure Flame         Conj/Fire      #####...     1%          3    ##.....
m - Repel Missiles        Chrm/Air       ###...       1%          2    None
q - Blink                 Tloc           N/A          1%          2    None


Dungeon Overview and Level Annotations

Branches:
Dungeon (5/15)
 Temple: D:4-7

Altars:
Ashenzari
Dithmenos
Fedhas
Kikubaaqudgha
Sif Muna
Vehumet
Xom

Annotations:
D:2 Sigmund
D:4 Duvessa


Innate Abilities, Weirdness & Mutations

You are partially covered in iridescent scales. (AC +2)
Your flesh is heat resistant. (rF+)


Message History

There was something very wrong with that liquid.
You feel weakened.
You feel dopey.
You feel clumsy. The quokka misses you. The quokka closely misses you.
The quokka skeleton barely misses you. The quokka barely misses you.
It was a potion of beneficial mutation.
You feel resistant to heat.
You feel fantastic! The quokka closely misses you.
The quokka skeleton misses you.
The orc priest barely misses itself.
The quokka closely misses you. The quokka bites you.
* * * LOW HITPOINT WARNING * * *
It was a potion of agility.
You feel agile all of a sudden. The quokka bites you.
* * * LOW HITPOINT WARNING * * *
The quokka skeleton completely misses you.
The quokka misses you.
It was a potion of brilliance.
You feel clever all of a sudden. The quokka completely misses you.
The quokka bites you.
You die...

.... #. #.#.##.##.....)
....##.##....#.##......
....?#.##..........[...
#..<........#..#....
#...###.#......#.###
#...###.#.####.#.# #
#..e....#.#..#.#.###
#...r####.#..#)#....
#.Z@o# #.#.##)#....
####r.....#...[#.###
########.#<.o.# #
#.######## #..)))....
##########


You could see Duvessa, an orc priest (confused), 2 quokkas and a quokka
skeleton.

Vanquished Creatures
  Eustachio (D:4)
  Dowan (D:4)
  2 orc wizards (D:4)
  Jessica (D:2)
  Natasha (thrice) (D:2)
  A worker ant (D:4)
  Terence (D:2)
  2 adders
  An ooze (D:1)
  An adder skeleton (D:4)
  3 worms
  3 dart slugs
  3 leopard geckos
  11 orcs
  2 ball pythons
  2 giant cockroaches
  8 goblins
  7 hobgoblins
  8 jackals
  A quokka (D:2)
  9 bats
  2 frilled lizards
  A jackal skeleton (D:4)
  12 kobolds
  11 rats
97 creatures vanquished.

Notes
Turn   | Place    | Note
-------+----------+-------------------------------------------
     0 | D:1      | snowfan the Deep Elf Wizard began the quest for the Orb.
     0 | D:1      | Reached XP level 1. HP: 10/10 MP: 7/7
   177 | D:1      | Reached XP level 2. HP: 15/15 MP: 7/9
   299 | D:1      | Reached skill level 2 in Conjurations
   788 | D:1      | Reached XP level 3. HP: 19/19 MP: 6/10
   996 | D:2      | Noticed Natasha
  1004 | D:2      | Killed Natasha
  1004 | D:2      | Reached skill level 3 in Conjurations
  1060 | D:2      | Learned a level 2 spell: Blink
  1063 | D:2      | Learned a level 2 spell: Repel Missiles
  1067 | D:2      | Learned a level 3 spell: Conjure Flame
  1126 | D:2      | Noticed Natasha
  1134 | D:2      | Killed Natasha
  1134 | D:2      | Reached XP level 4. HP: 24/24 MP: 1/12
  1257 | D:2      | Noticed Natasha
  1260 | D:2      | Killed Natasha
  1260 | D:2      | Reached skill level 4 in Conjurations
  1515 | D:2      | Noticed Terence
  1528 | D:2      | Killed Terence
  1528 | D:2      | Reached XP level 5. HP: 26/28 MP: 0/13
  1743 | D:2      | Noticed Sigmund
  1910 | D:1      | Learned a level 3 spell: Mephitic Cloud
  1936 | D:2      | Noticed Jessica
  1938 | D:2      | Killed Jessica
  2236 | D:3      | Reached skill level 5 in Conjurations
  2336 | D:3      | Found a shattered altar of Ashenzari.
  2608 | D:3      | Found a radiant altar of Vehumet.
  2610 | D:3      | Found a deep blue altar of Sif Muna.
  2610 | D:3      | Found an ancient bone altar of Kikubaaqudgha.
  2621 | D:3      | Became a worshipper of Sif Muna the Loreminder
  2629 | D:3      | Identified Kikubaaqudgha's Collected Works on Sinister Arts
  2915 | D:4      | Reached XP level 6. HP: 32/32 MP: 6/14
  3210 | D:4      | Noticed Dowan
  3214 | D:4      | Noticed Duvessa
  3218 | D:4      | Killed Dowan
  3218 | D:4      | Reached skill level 6 in Conjurations
  3345 | D:4      | Found a blossoming altar of Fedhas.
  3354 | D:4      | Found a shimmering altar of Xom.
  3356 | D:4      | Found a shadowy altar of Dithmenos.
  3363 | D:4      | Noticed Eustachio
  3376 | D:4      | Killed Eustachio
  3376 | D:4      | Reached skill level 5 in Dodging
  3376 | D:4      | Reached XP level 7. HP: 36/36 MP: 0/15
  3603 | D:5      | Entered Level 5 of the Dungeon
  3637 | D:5      | Found a shimmering altar of Xom.
  3684 | D:4      | Gained mutation: You are resistant to hostile enchantments. (MR+) [potion of mutation]
  3684 | D:4      | Gained mutation: You are partially covered in iridescent scales. (AC +2) [potion of mutation]
  3684 | D:4      | Lost mutation: You are resistant to hostile enchantments. (MR+) [potion of mutation]
  3688 | D:4      | Gained mutation: Your flesh is heat resistant. (rF+) [potion of beneficial mutation]
  3690 | D:4      | Slain by a quokka

Skill      XL: |  1  2  3  4  5  6 |
---------------+-------------------+-----
Conjurations   | 2 3 4 5 6 |  6.8
Dodging        | 3 4 5 |  5.3
Stealth        | |  2.4
Spellcasting   | |  4.4
Summonings     | |  1.1
Translocations | |  1.1

Action                   |  1- 3 |  4- 6 |  7- 9 || total
-------------------------+-------+-------+-------++-------
Melee: Unarmed           |     5 |       |       ||     5
       Dagger            |    10 |    67 |     1 ||    78
 Cast: Magic Dart        |    78 |   178 |    12 ||   268
       Mephitic Cloud    |       |     7 |     3 ||    10
       Blink             |       |     1 |     1 ||     2
  Use: Potion            |       |     3 |     7 ||    10
       Scroll            |       |     3 |       ||     3
 Stab: Invisible         |       |     1 |       ||     1
  Eat: Chunk             |       |     3 |       ||     3
       Meat ration       |       |     1 |       ||     1
Armor: Robe              |     3 |    20 |     4 ||    27
Dodge: Dodged            |    23 |    83 |    33 ||   139
Block: Other             |       |       |     4 ||     4
